 Dungeon Crawl Stone Soup version 0.27-a0-577-ge2a43ba0c9 (webtiles) character file.

Game seed: 12642993179417917335

185 Anon1729 the Grasshopper (level 5, 0/47 HPs)
             Began as a Palentonga Warper on Mar 9, 2021.
             Slain by an orc
             ... wielding a +0 hand axe
              (2 damage)
             ... on level 2 of the Dungeon.
             The game lasted 00:04:46 (3336 turns).

Anon1729 the Grasshopper (Palentonga Warper)        Turns: 3336, Time: 00:04:47

Health: 0/47       AC:  4    Str: 15    XL:     5   Next: 37%
Magic:  8/9        EV:  9    Int: 14    God:
Gold:   135        SH:  5    Dex:  9    Spells: 7/9 levels left

rFire    . . .     SeeInvis +   a - +0 mace
rCold    . . .     Faith    .   (no shield)
rNeg     . . .     Spirit   .   b - +0 leather armour
rPois    .         Reflect  +   (no helmet)
rElec    .         Harm     .   (no cloak)
rCorr    .         Rampage  .   (no gloves)
Will     .....                  (no barding)
Stlth    +.........             h - amulet of reflection
HPRegen  0.15/turn              (no ring)
MPRegen  0.11/turn              (no ring)

@: no status effects
A: large, rugged brown scales 3, see invisible, deformed body, roll 1, armoured
tail
a: Rolling Charge


You were on level 2 of the Dungeon.
You visited 1 branch of the dungeon, and saw 3 of its levels.

You collected 135 gold pieces.

Inventory:

Hand Weapons
 a - a +0 mace (weapon)
Missiles
 e - 5 boomerangs of dispersal
Armour
 b - a +0 leather armour (worn)
Jewellery
 h - an amulet of reflection (around neck)
Scrolls
 d - a scroll of blinking
 k - 2 scrolls of teleportation
 m - a scroll of magic mapping {unknown}
Potions
 f - a potion of cancellation
 g - 2 potions of curing
 j - a potion of resistance {unknown}
 l - a potion of brilliance {unknown}


   Skills:
 + Level 2.8 Fighting
 * Level 3.2 Maces & Flails
 - Level 1.2 Throwing
 - Level 1.4 Armour
 - Level 2.1 Dodging
 + Level 2.7 Spellcasting
 + Level 3.6 Translocations


You had 7 spell levels left.
You knew the following spells:

 Your Spells              Type           Power      Damage    Failure   Level
a - Blink                 Tloc           N/A        N/A       10%         2

Your spell library contained the following spells:

 Spells                   Type           Power      Damage    Failure   Level
 Gell's Gravitas          Tloc           6%         N/A       19%         3
 Lesser Beckoning         Tloc           6%         N/A       19%         3
 Teleport Other           Tloc           12%        N/A       19%         3
 Manifold Assault         Tloc           12%        N/A       52%         4


Dungeon Overview and Level Annotations

Branches:
Dungeon (3/15)

Altars:
Nemelex Xobeh
The Shining One


Innate Abilities, Weirdness & Mutations

You are completely covered in rugged brown scales. (AC +3, +7% HP)
You have supernaturally acute eyesight. (SInv)
Armour fits poorly on your strangely shaped body.
You can roll at nearby foes to attack.
You have a long armoured tail.


Message History

You hit the orc priest but do no damage.
The orc priest barely misses you. The orc closely misses you.
The orc priest hits you with a +0 club.
You barely miss the orc priest. The orc hits you with a +0 hand axe.
You block the orc priest's attack.
You completely miss the orc priest. The orc barely misses you.
The orc priest hits you with a +0 club.
You hit the orc priest.
Your tail-slap misses the orc priest.
The orc priest is moderately wounded.
The orc misses you.
The orc priest invokes the aid of Beogh against you.
Beogh smites you!
You hit the orc priest.
Your tail-slap misses the orc priest.
The orc priest is heavily wounded.
The orc hits you but does no damage. You block the orc priest's attack.
The orc hits you with a +0 hand axe.
You hit the orc priest.
You tail-slap the orc priest, but do no damage.
The orc priest is severely wounded.
You block the orc priest's attack. The orc hits you with a +0 hand axe.
You barely miss the orc priest. You tail-slap the orc priest.
The orc priest is almost dead.
The orc priest closely misses you. The orc hits you but does no damage.
The orc priest invokes the aid of Beogh against you.
Beogh smites you!
* * * LOW HITPOINT WARNING * * *
You hit the orc priest.
You kill the orc priest!
The orc closely misses you.
You see here a +0 morningstar.
Press: ? - help, v - describe, . - travel
Here: an orc, wielding a +0 hand axe and wearing a +0 scale mail A stone staircase leading down, spattered with blood.
Unknown command.
Unknown command.
You hit the orc but do no damage. You tail-slap the orc.
The orc is lightly wounded.
The orc barely misses you.
You barely miss the orc. The orc hits you with a +0 hand axe.
You die...

##..###............
#........####.##.##
#..####............
#..## #..........#.
#.#.# ###.###....#.
##.## #.# #..⌠.⌠.
#.# #.# #..._.. #.#
#.# #..⌠.⌠# #@# #.#
#....## #o#
#.###.#...#
#>######.....###.#
#)†.......#### #..
#.#####...# ##.
#.#####...#######.
#.##..............
#........†...#####
####.........#####


You could see an orc.

Vanquished Creatures
  An orc priest (D:2)
  Natasha (thrice) (D:2)
  A hound skeleton (D:3)
  An adder (D:2)
  2 oozes
  4 worms
  A dart slug (D:3)
  2 orcs (D:2)
  5 bats
  4 giant cockroaches
  5 goblins
  A hobgoblin (D:3)
  6 kobolds
  A ball python (D:2)
  7 rats
44 creatures vanquished.

Vanquished Creatures (others)
  3 plants (D:3)
3 creatures vanquished.

Grand Total: 47 creatures vanquished

Notes
Turn   | Place    | Note
-------+----------+-------------------------------------------
     0 | D:1      | Anon1729 the Palentonga Warper began the quest for the Orb.
     0 | D:1      | Reached XP level 1. HP: 18/18 MP: 3/3
   191 | D:1      | Reached skill level 1 in Armour
   606 | D:1      | Reached XP level 2. HP: 25/25 MP: 5/5
   686 | D:1      | Learned a level 2 spell: Blink
   729 | D:2      | Found a sparkling altar of Nemelex Xobeh.
   766 | D:2      | Noticed Natasha
  1077 | D:2      | HP: 1/25 [white imp[Natasha] (5)]
  1079 | D:2      | Killed Natasha
  1080 | D:2      | Reached skill level 1 in Throwing
  1080 | D:2      | Reached XP level 3. HP: 1/31 MP: 6/6
  1513 | D:2      | Noticed Natasha
  1520 | D:2      | Killed Natasha
  1759 | D:2      | Reached XP level 4. HP: 26/39 MP: 1/7
  1980 | D:2      | Found a glowing golden altar of the Shining One.
  2298 | D:2      | Noticed Natasha
  2487 | D:2      | Killed Natasha
  2873 | D:3      | Reached XP level 5. HP: 44/44 MP: 8/8
  3331 | D:2      | HP: 1/44 [orc priest/divine providence (13)]
  3336 | D:2      | Slain by an orc

Illustrated notes

Levels and vault maps discovered:
D:1:      dpeg_arrival_short_road, layout_loops_ring
D:2:      layout_loops_ring, nicolae_tso_swordbearing_angel,
          nemelex_xobeh_ov_fountains_minmay, uniq_natasha
D:3:      layout_rooms, nicolae_hepliaklqana_ecumenical_no_more,
          nicolae_overflow_hidden_temple, fedhas_altar_2

Skill      XL: |  1  2  3  4 |
---------------+-------------+-----
Armour         | 1 |  1.4
Throwing       | 1 |  1.2
Dodging        | 2 |  2.1
Maces & Flails | 3 |  3.2
Fighting       | |  2.8
Spellcasting   | |  2.7
Translocations | |  3.6

Action                   |  1- 3 |  4- 6 || total
-------------------------+-------+-------++-------
Melee: Mace              |    62 |   101 ||   163
       Tailslap          |     6 |    12 ||    18
 Cast: Blink             |     2 |     2 ||     4
 Abil: Rolling Charge    |    11 |    10 ||    21
  Use: Scroll            |       |     4 ||     4
       Potion            |       |     2 ||     2
Armor: Leather armour    |    15 |    68 ||    83
Dodge: Dodged            |    25 |   101 ||   126
Block: Other             |       |    18 ||    18

Table legend: (Time is in decaauts)
 A = Elapsed time spent in this place.
 B = Non-inter-level travel time spent in this place.
 C = Inter-level travel time spent in this place.
 D = Time resting spent in this place.
 E = Time spent auto-exploring this place.
 F = Levels seen in this place.
 G = Mean time per level.
                   A        B        C        D        E       F      G
               +--------+--------+--------+--------+--------+-----+--------+
         Total |   3384 |   3256 |    128 |   1267 |   1495 |   3 | 1128.0 |
       Dungeon |   3384 |   3256 |    128 |   1267 |   1495 |   3 | 1128.0 |
               +--------+--------+--------+--------+--------+-----+--------+

Top non-repeatable levels by time:
     D:2: 2278 daAuts
     D:1: 705 daAuts
     D:3: 400 daAuts
